 Dungeon Crawl Stone Soup version 0.19.1 (webtiles) character file.

258 esteth the Conjurer (level 5, -4/28 HPs)
             Began as a Deep Elf Conjurer on Dec 15, 2016.
             Slain by Philosophy's ghost (10 damage)
             ... on level 4 of the Dungeon.
             The game lasted 00:09:10 (2979 turns).

esteth the Conjurer (Deep Elf Conjurer)             Turns: 2979, Time: 00:09:11

Health: -4/28      AC:  4    Str:  5    XL:     5   Next: 94%
Magic:  4/24       EV: 13    Int: 24    God:
Gold:   194        SH:  5    Dex: 15    Spells: 3 memorised, 6 levels left

rFire  . . .     SeeInvis .     (no weapon)
rCold  . . .     Gourm    .     a - +0 robe
rNeg   . . .     Faith    .     (no shield)
rPois  +         Spirit   .     m - +2 hat {Int+3}
rElec  .         Reflect  +     (no cloak)
rCorr  .         Harm     .     (no gloves)
MR     .....                    (no boots)
Stlth  +.........               e - +5 amulet of reflection
                                n - ring of magical power
                                k - ring of poison resistance

@: very slightly contaminated, glowing
A: no striking features
a: no special abilities


You were on level 4 of the Dungeon.
You were hungry.

You visited 1 branch of the dungeon, and saw 4 of its levels.

You collected 194 gold pieces.

Inventory:

Armour
 a - a +0 robe (worn)
 m - a +2 hat of intelligence (worn)
Jewellery
 e - a +5 amulet of reflection (around neck)
 g - an uncursed ring of protection from cold
 k - a ring of poison resistance (left hand)
 n - a ring of magical power (right hand)
Wands
 l - a wand of flame (46/48)
Scrolls
 h - a scroll of remove curse
Potions
 d - a potion of agility
 j - a potion of flight {unknown}
 o - a potion of cancellation {unknown}
 q - a potion of brilliance {unknown}
Books
 b - a book of Conjurations

   Spells                             Type                      Level
   a - Magic Dart                     Conjuration                  1
   b - Searing Ray                    Conjuration                  2
   c - Dazzling Spray                 Conjuration/Hexes            3
   d - Fulminant Prism                Conjuration/Hexes            4
   e - Iskenderun's Mystic Blast      Conjuration                  4
   f - Iskenderun's Battlesphere      Conjuration/Charms           5
Comestibles
 c - 2 bread rations
 f - a beef jerky
 i - 2 meat rations
 r - a chunk of flesh


   Skills:
 - Level 2.5 Dodging
 - Level 2.5 Stealth
 + Level 6.1 Spellcasting
 + Level 6.4 Conjurations
 * Level 0.8 Charms


You had 6 spell levels left.
You knew the following spells:

 Your Spells              Type           Power        Failure   Level  Hunger
a - Magic Dart            Conj           ####         1%          1    None
b - Iskenderun's Battles  Conj/Chrm      ###.....     54%         5    #####..
c - Iskenderun's Mystic   Conj           #####...     8%          4    ###....


Dungeon Overview and Level Annotations

Branches:
Dungeon (4/15)
 Temple: D:4-7

Altars:
Qazlal

Shops:
D:4 ?=

Annotations:
D:4 Philosophy's ghost, amateur FoFi


Message History

Casting: Magic Dart
Confirm with . or Enter, or press ? or * to list all spells.
Aiming: Magic Dart
Press: ? - help, Shift-Dir - straight line, f/p - Philosophy's ghost
Aim: Philosophy's ghost (lightly damaged)
The magic dart hits Philosophy's ghost.
Philosophy's ghost is lightly damaged.
Philosophy's ghost hits you!
Ouch! That really hurt!
You swap places.
You see here a whip.
As you read the scroll of fear, it crumbles to dust.
You assume a fearsome visage.
Your battlesphere is unaffected.
Philosophy's ghost is unaffected.
Philosophy's ghost hits you.
* * * LOW HITPOINT WARNING * * *
As you read the scroll labeled LOMU YFIVUPTU, it crumbles to dust.
You feel aware of your surroundings.
You sensed 3 shops/portals.
It was a scroll of magic mapping.
Philosophy's ghost hits you!
You die...

*,,,,,,,,#.,* #.#...#.#..#*
*,******#.*** #.#........##* *,*
#,* #............, *,* *,*
#####.###..##* *****,*******,*
#.# #...,,
,,,,,,,,,<,,,,*#########.###.##**
,****,***,*****#..............#
,* *,* *,* #.##........#..### ,*
*,* *,* #@##.###....#....∩ ,* *,*
*,* #W##.# #....#.#### ,*
*,***,*** #*##.# #....#.#*** ,*
*,,,,,,,* #.##.####.#.#.#,,, ,*
*****,*,* #.##.#........#,** ,*
*,*,** #..#.#.##.#..^..#
,********,,,,**#.∩..#,*#.#####.#*
,,,,,,,,,,,,,,*###..#,*#,* *...
********,,,,,,,***....,,,* **#.


You could see Philosophy's ghost and a friendly battlesphere.

Vanquished Creatures
  An orc wizard (D:3)
  An orc priest (D:3)
  Jessica (D:3)
  10 adders
  A gnoll (D:2)
  2 worms (D:2)
  A leopard gecko (D:4)
  6 orcs (D:3)
  6 bats
  3 giant cockroaches
  8 hobgoblins
  3 jackals (D:3)
  3 ball pythons
  5 frilled lizards
  6 goblins
  9 kobolds
  4 rats
70 creatures vanquished.

Notes
Turn   | Place    | Note
-------+----------+-------------------------------------------
     0 | D:1      | esteth the Deep Elf Conjurer began the quest for the Orb.
     0 | D:1      | Reached XP level 1. HP: 10/10 MP: 6/6
   206 | D:1      | Reached XP level 2. HP: 15/15 MP: 0/8
   956 | D:2      | Reached skill level 5 in Conjurations
   956 | D:2      | Reached XP level 3. HP: 19/19 MP: 10/10
  1264 | D:2      | Reached XP level 4. HP: 24/24 MP: 12/12
  1775 | D:3      | Reached skill level 5 in Spellcasting
  1892 | D:3      | Reached XP level 5. HP: 28/28 MP: 14/14
  2236 | D:3      | Noticed Jessica
  2239 | D:3      | Killed Jessica
  2536 | D:3      | Found a stormy altar of Qazlal.
  2682 | D:3      | Learned a level 5 spell: Iskenderun's Battlesphere
  2687 | D:3      | Learned a level 4 spell: Iskenderun's Mystic Blast
  2909 | D:4      | Found Uhiaf's Jewellery Shop.
  2928 | D:4      | Noticed Philosophy's ghost (amateur FoFi)
  2960 | D:4      | Found Zaotiamyu's Magic Scroll Emporium.
  2979 | D:4      | Slain by Philosophy's ghost

Skill      XL: |  1  2  3  4  5 |
---------------+----------------+-----
Conjurations   | 5 6 |  6.4
Spellcasting   | 4 5 6 |  6.1
Dodging        | |  2.5
Stealth        | |  2.5
Charms         | |  0.8

Action                   |  1- 3 |  4- 6 || total
-------------------------+-------+-------++-------
 Cast: Magic Dart        |    69 |   101 ||   170
       Iskenderun's Batt |       |     2 ||     2
  Use: Scroll            |     5 |     8 ||    13
  Eat: Chunk             |     1 |     1 ||     2
       Bread ration      |       |     1 ||     1
Armor: Robe              |     3 |     2 ||     5
Dodge: Dodged            |     3 |    11 ||    14
Block: Other             |     4 |     7 ||    11
